[Event "January 2 Late 2024"]
[Site "https://www.chess.com"]
[Date "2024.01.02"]
[Round "2"]
[White "Keller, Peter"]
[Black "Koc, Przemyslaw"]
[Result "0-1"]
[Board "126"]
[TimeControl "180+1"]
[WhiteFideId "1272105"]
[BlackFideId "1109081"]
[WhiteElo "2208"]
[BlackElo "2515"]
[WhiteTeam "GER"]
[BlackTeam "POL"]
[WhiteClock "0:00:45"]
[BlackClock "0:01:08"]

1. e4 c5 2. Nf3 Nf6 3. e5 Nd5 4. Nc3 e6 5. Ne4 f5 6. Nd6+ Bxd6 7. exd6 Qb6 8. c4 Nf6 9. d4 Qxd6 10. dxc5 Qxd1+ 11. Kxd1 Na6 12. Be3 Ne4 13. a3 Naxc5 14. b4 Na6 15. c5 Nc7 16. Bd3 Nf6 17. Bd4 O-O 18. Kc2 Ncd5 19. Ne5 Rd8 20. Nc4 Ne8 21. Be5 b6 22. Rhd1 Ba6 23. cxb6 axb6 24. Kb3 d6 25. Bd4 Bxc4+ 26. Bxc4 Nec7 27. a4 Rab8 28. a5 bxa5 29. Rxa5 Rxb4+ 0-1

[Event "January 2 Late 2024"]
[Site "https://www.chess.com"]
[Date "2024.01.02"]
[Round "2"]
[White "Tikhonov, Viacheslav"]
[Black "Dias, Joao Batista"]
[Result "1-0"]
[Board "127"]
[TimeControl "180+1"]
[WhiteFideId "44196407"]
[BlackFideId "2108240"]
[WhiteElo "2486"]
[BlackElo "1990"]
[WhiteTeam "RUS"]
[BlackTeam "BRA"]
[WhiteClock "0:01:16"]
[BlackClock "0:01:27"]

1. d4 d5 2. c4 c6 3. Nf3 Nf6 4. g3 g6 5. Bg2 Bg7 6. O-O O-O 7. Nc3 Bg4 8. Ne5 Be6 9. Qb3 Qb6 10. c5 Qxb3 11. axb3 a6 12. b4 Nbd7 13. f4 Nxe5 14. fxe5 Nd7 15. e4 dxe4 16. Nxe4 Rad8 17. Bg5 Rfe8 18. Nc3 Nf8 19. Be3 h6 20. b5 axb5 21. Ra7 Rb8 22. b4 Nh7 23. d5 Bd7 24. Rxb7 Rxb7 25. dxc6 Rc7 26. cxd7 Rxd7 27. Bc6 Rd3 28. Bxe8 Rxe3 29. Bxf7+ Kh8 30. Nxb5 Bxe5 31. c6 Rc3 32. Nxc3 1-0

[Event "January 2 Late 2024"]
[Site "https://www.chess.com"]
[Date "2024.01.02"]
[Round "2"]
[White "Fareh, Youness"]
[Black "Xiong, Jeffery"]
[Result "0-1"]
[Board "128"]
[TimeControl "180+1"]
[WhiteFideId "9000526"]
[BlackFideId "2047640"]
[WhiteElo "2014"]
[BlackElo "3012"]
[WhiteTeam "MAR"]
[BlackTeam "USA"]
[WhiteClock "0:00:43"]
[BlackClock "0:01:49"]

1. Nf3 g6 2. c4 Bg7 3. Nc3 d6 4. d4 e6 5. g3 b6 6. Bg2 Bb7 7. O-O Ne7 8. Qc2 Nd7 9. Rb1 O-O 10. b4 Rc8 11. a4 Bxf3 12. Bxf3 Bxd4 13. Nb5 Bg7 14. Nxa7 Rb8 15. Nb5 Ne5 16. Bg2 c6 17. Na3 d5 18. Rd1 Qc8 19. Bf4 Ra8 20. cxd5 cxd5 21. Qb3 Qa6 22. Nb5 Qxa4 23. Qxa4 Rxa4 24. Rdc1 Nc4 25. Nd6 Nxd6 26. Bxd6 Re8 27. Bxe7 Rxe7 28. Rc6 Rb7 29. b5 Bd4 30. e3 Bc5 31. Bf1 Rba7 32. Rc8+ Kg7 33. Kg2 Ra2 34. Kf3 Rd2 35. Bh3 Raa2 36. Rf1 Rab2 37. Rc7 Kf6 38. g4 h6 39. Rc6 Rxb5 40. Bg2 g5 41. h4 gxh4 42. Rc8 Rbb2 43. Rh8 Kg7 44. Rc8 Be7 45. Rc7 Bg5 46. Rb7 b5 47. e4 Rd3# 0-1

[Event "January 2 Late 2024"]
[Site "https://www.chess.com"]
[Date "2024.01.02"]
[Round "2"]
[White "Durarbayli, Vasif"]
[Black "Senft, Sean"]
[Result "1/2-1/2"]
[Board "129"]
[TimeControl "180+1"]
[WhiteFideId "13402935"]
[BlackFideId "2044960"]
[WhiteElo "2821"]
[BlackElo "2402"]
[WhiteTeam "AZE"]
[BlackTeam "USA"]
[WhiteClock "0:00:05"]
[BlackClock "0:00:14"]

1. c4 c6 2. e4 d5 3. exd5 cxd5 4. d4 Nf6 5. Nc3 Nc6 6. Nf3 Bg4 7. cxd5 Nxd5 8. Qb3 Bxf3 9. gxf3 Nxc3 10. bxc3 Qb6 11. d5 Qxb3 12. axb3 Ne5 13. Bb5+ Kd8 14. f4 Nd7 15. Be3 a6 16. Be2 g6 17. Kd2 Bg7 18. Ra3 Rc8 19. c4 e6 20. dxe6 fxe6 21. Bf3 Kc7 22. Kc2 Rcd8 23. h4 Nb8 24. h5 gxh5 25. Ra5 Nc6 26. Raxh5 Nd4+ 27. Bxd4 Bxd4 28. Rxh7+ Rxh7 29. Rxh7+ Rd7 30. Rh6 Re7 31. Bg4 Kd7 32. f5 exf5 33. Bxf5+ Kc7 34. f3 Be3 35. Rg6 Bf4 36. Be4 a5 37. Rf6 Be5 38. Rf5 b6 39. Rg5 Bd6 40. Rg6 Bb4 41. Rc6+ Kb7 42. Rg6+ Kc7 43. Kd3 Rd7+ 44. Bd5 Re7 45. Rc6+ Kb7 46. Rg6+ Kc7 47. f4 Bc5 48. Rc6+ Kd7 49. f5 Re3+ 50. Kc2 Re2+ 51. Kd1 Rf2 52. Rg6 Ke7 53. Re6+ Kd7 54. Rh6 Ke7 55. Re6+ Kd7 56. Bc6+ Kc7 57. Be4 Kd7 58. Ke1 Rb2 59. Bc6+ Kc7 60. Ba4 Rf2 61. Re5 Rf4 62. Ke2 Kd6 63. Re6+ Kc7 64. Re5 Kd6 65. Rd5+ Ke7 66. Bd7 Rf2+ 67. Ke1 Rb2 68. Ba4 Kf6 69. Kd1 Rf2 70. Bd7 Rf3 71. Kc2 Rf2+ 72. Kd1 Rf3 73. Kc2 Rf2+ 74. Kb1 Rf3 75. Kb2 Rf2+ 76. Kc3 Rf3+ 77. Kd2 Rxb3 78. Be6 Rf3 79. Rd7 a4 80. Rf7+ Ke5 81. Ra7 a3 82. Kc2 Rf2+ 83. Kb1 Rb2+ 84. Ka1 Bd4 85. Rxa3 Rb3+ 86. Ka2 Rb2+ 87. Ka1 Rb3+ 88. Ka2 Rb2+ 89. Ka1 1/2-1/2

[Event "January 2 Late 2024"]
[Site "https://www.chess.com"]
[Date "2024.01.02"]
[Round "2"]
[White "Blanco Ronquillo, Humberto L."]
[Black "Fernandez Diaz, Cristian"]
[Result "1-0"]
[Board "130"]
[TimeControl "180+1"]
[WhiteFideId "3504239"]
[BlackFideId "22256687"]
[WhiteElo "2712"]
[BlackElo "2398"]
[WhiteTeam "CUB"]
[BlackTeam "ESP"]
[WhiteClock "0:00:18"]
[BlackClock "0:00:00"]

1. e4 c5 2. Nf3 Nc6 3. Bb5 g6 4. Bxc6 bxc6 5. O-O Bg7 6. Re1 Qc7 7. c3 d6 8. h3 Nf6 9. d4 cxd4 10. cxd4 O-O 11. Nc3 c5 12. Bg5 cxd4 13. Nxd4 Bb7 14. Rc1 Qb6 15. Nb3 Rfc8 16. Qd2 Rxc3 17. bxc3 Nxe4 18. Qf4 Nxg5 19. Qxg5 Bf6 20. Qe3 Qc6 21. f3 a5 22. Nd4 Qc4 23. Qd2 Bd5 24. a3 Rc8 25. Kh1 h5 26. Ne2 Be5 27. Rb1 Ba8 28. Rb6 Qh4 29. Rf1 a4 30. Qe3 Bd5 31. Qf2 Qxf2 32. Rxf2 Bc4 33. Rb4 Bb3 34. Rf1 Bc4 35. Re1 Bb3 36. Rc1 e6 37. Kg1 d5 38. Kf2 Bf6 39. Rb7 Kf8 40. Ke3 Be7 41. Nd4 Bxa3 42. Nxb3 axb3 43. Rb1 b2 44. Kd3 Be7 45. R1xb2 Kg7 46. R2b3 Bf6 47. Rd7 Be5 48. h4 Rc4 49. Rbb7 Rxc3+ 50. Kd2 Rc4 51. Rxf7+ Kg8 52. Rfe7 Kf8 53. Rxe6 Bg7 54. g3 1-0

[Event "January 2 Late 2024"]
[Site "https://www.chess.com"]
[Date "2024.01.02"]
[Round "2"]
[White "Do Valle Cardoso, Lucas"]
[Black "Jarocka, Liwia"]
[Result "1-0"]
[Board "131"]
[TimeControl "180+1"]
[WhiteFideId "2163144"]
[BlackFideId "21807558"]
[WhiteElo "2689"]
[BlackElo "2397"]
[WhiteTeam "BRA"]
[BlackTeam "POL"]
[WhiteClock "0:01:47"]
[BlackClock "0:02:24"]

1. e4 d6 2. d4 Nf6 3. Nc3 e5 4. Nf3 Nbd7 5. g4 Nxg4 6. Rg1 Ngf6 7. Bc4 Be7 8. Bxf7+ Kxf7 9. Ng5+ Kg8 10. Ne6 Qf8 11. Nxf8 Nxf8 12. dxe5 dxe5 13. Nd5 Bd8 14. Bg5 Nxd5 15. Qxd5+ Be6 16. Qxe5 Bxg5 17. Rxg5 g6 18. O-O-O Bf7 19. f4 Re8 20. Qd4 h6 21. Rgg1 Rh7 22. f5 g5 23. e5 c6 24. e6 Bh5 1-0

[Event "January 2 Late 2024"]
[Site "https://www.chess.com"]
[Date "2024.01.02"]
[Round "2"]
[White "Zhu, Jiner"]
[Black "Travkina, Anastasia"]
[Result "1-0"]
[Board "132"]
[TimeControl "180+1"]
[WhiteFideId "8608059"]
[BlackFideId "24129151"]
[WhiteElo "2677"]
[BlackElo "2395"]
[WhiteTeam "CHN"]
[BlackTeam "RUS"]
[WhiteClock "0:01:43"]
[BlackClock "0:00:06"]

1. d4 Nf6 2. c4 c5 3. Nc3 cxd4 4. Qxd4 Nc6 5. Qd1 e6 6. Nf3 d5 7. cxd5 Nxd5 8. Nxd5 Qxd5 9. Qxd5 exd5 10. e3 Nb4 11. Bb5+ Bd7 12. Bxd7+ Kxd7 13. O-O Rd8 14. Bd2 Nc6 15. Bc3 f6 16. Rfd1 Ke6 17. Rd2 Bc5 18. Rad1 Rd6 19. a3 Rhd8 20. h3 a6 21. Kf1 Ne5 22. Bxe5 fxe5 23. b4 Ba7 24. Ng5+ Ke7 25. Nxh7 d4 26. exd4 Rxd4 27. Rxd4 Rxd4 28. Rxd4 Bxd4 29. Ng5 b5 30. Ne4 Bb2 31. Nc5 Bxa3 32. Nxa6 Kd6 33. Ke2 Kc6 34. Kd3 Kb6 35. Nc5 Bxb4 36. Nd7+ Ka5 37. Nxe5 Bc5 38. f4 b4 39. f5 Ka4 40. g4 Be7 41. Kc2 Ka3 42. Kb1 b3 43. Ng6 Bf6 44. h4 Kb4 45. g5 Bd8 46. Nf4 Kc4 47. Ne6 1-0

[Event "January 2 Late 2024"]
[Site "https://www.chess.com"]
[Date "2024.01.02"]
[Round "2"]
[White "Esmeraldas Huachi, Anderson"]
[Black "Manolache, Marius"]
[Result "1/2-1/2"]
[Board "133"]
[TimeControl "180+1"]
[WhiteFideId "3616363"]
[BlackFideId "1201530"]
[WhiteElo "2394"]
[BlackElo "2675"]
[WhiteTeam "ECU"]
[BlackTeam "ROU"]
[WhiteClock "0:00:11"]
[BlackClock "0:01:09"]

1. d4 Nf6 2. c4 d6 3. Nf3 c6 4. Bf4 Bf5 5. h3 h6 6. Nc3 Qa5 7. e3 Ne4 8. Qb3 Nxc3 9. bxc3 Qb6 10. Be2 Nd7 11. O-O g5 12. Bg3 Bg7 13. Nd2 Qxb3 14. axb3 O-O 15. b4 Rfc8 16. Ra5 a6 17. Rxf5 e5 18. Ne4 d5 19. Nd6 Rc7 20. c5 f6 21. h4 a5 22. f4 gxf4 23. exf4 exd4 24. cxd4 axb4 25. Rb1 Ra4 26. Bd1 b3 27. Bf2 b5 28. cxb6 Nxb6 29. Rxb3 Ra1 30. Rxb6 Rxd1+ 31. Kh2 Kh7 32. h5 Rd2 33. Bg1 Re7 34. Rxc6 Ree2 35. Rxd5 Rxg2+ 36. Kh1 Rg3 37. Ne4 Rh3+ 38. Bh2 Rhxh2+ 39. Kg1 Rdg2+ 40. Kf1 Ra2 41. Kg1 Rhe2 42. Ng3 Rg2+ 43. Kf1 Rxg3 44. Rd7 Rf3+ 45. Kg1 Rxf4 46. Rcc7 Rg4+ 47. Kf1 f5 48. d5 Rd2 49. d6 f4 50. Ke1 Rd5 51. Ke2 Rg3 52. Kf2 Rdd3 53. Ke2 Rd4 54. Kf2 Rg5 55. Kf3 Kg8 56. Rd8+ Bf8 57. d7 Rg3+ 58. Kf2 Kf7 59. Re8 Rd2+ 60. Ke1 Rxd7 61. Rxf8+ Kxf8 62. Rxd7 Rg5 63. Rd6 Kg7 64. Kf2 Rxh5 65. Kf3 Rh4 66. Ra6 h5 67. Rb6 Rg4 68. Ra6 Kf7 69. Rb6 Kg7 70. Ra6 Rg6 71. Rxg6+ Kxg6 72. Kxf4 Kf6 73. Kg3 Kg5 74. Kh2 h4 75. Kg1 Kg4 76. Kh1 Kg3 77. Kg1 h3 78. Kh1 h2 1/2-1/2

[Event "January 2 Late 2024"]
[Site "https://www.chess.com"]
[Date "2024.01.02"]
[Round "2"]
[White "Skibbe, Willi"]
[Black "Palomo, Franklin Annervys"]
[Result "0-1"]
[Board "134"]
[TimeControl "180+1"]
[WhiteFideId "4682190"]
[BlackFideId "3906965"]
[WhiteElo "2393"]
[BlackElo "2664"]
[WhiteTeam "GER"]
[BlackTeam "VEN"]
[WhiteClock "0:00:26"]
[BlackClock "0:00:46"]

1. c4 c5 2. Nf3 Nc6 3. Nc3 g6 4. e3 Bg7 5. d4 cxd4 6. exd4 d6 7. d5 Ne5 8. Nxe5 Bxe5 9. Bd3 Bg7 10. h4 h5 11. Bg5 Nf6 12. O-O O-O 13. Re1 Re8 14. Qd2 a6 15. a4 Bd7 16. a5 Rc8 17. b4 Ng4 18. Rac1 Ne5 19. Ne4 Bf5 20. Bf1 b6 21. axb6 Qxb6 22. c5 dxc5 23. bxc5 Qb8 24. d6 Qb7 25. Bxe7 Bxe4 26. Bxa6 Qxa6 27. Rxe4 Nd7 28. Rec4 Rc6 29. Qd5 Rec8 30. Rf4 Rxc5 31. Qxf7+ Kh7 32. Rxc5 Rxc5 33. Bg5 Qa1+ 34. Kh2 Rxg5 35. hxg5 Qe5 36. g3 Qxd6 37. Re4 Ne5 38. Qb7 Nf3+ 39. Kg2 Nxg5 40. Re7 Qf6 41. f4 Ne6 42. Rf7 Qc3 43. Qd7 Nc5 44. Qe7 Nd3 45. f5 Qc6+ 46. Kh3 Qh1# 0-1

[Event "January 2 Late 2024"]
[Site "https://www.chess.com"]
[Date "2024.01.02"]
[Round "2"]
[White "Perske, Thore"]
[Black "Osinovsky, Stepan"]
[Result "0-1"]
[Board "135"]
[TimeControl "180+1"]
[WhiteFideId "12902195"]
[BlackFideId "4157354"]
[WhiteElo "2662"]
[BlackElo "2393"]
[WhiteTeam "GER"]
[BlackTeam "RUS"]
[WhiteClock "0:00:04"]
[BlackClock "0:00:07"]

1. d4 e5 2. dxe5 Nc6 3. Nf3 Nge7 4. g3 Ng6 5. Bg2 Ncxe5 6. Nxe5 Nxe5 7. O-O d6 8. Nd2 h5 9. Nf3 Nxf3+ 10. Bxf3 h4 11. Bf4 hxg3 12. Bxg3 c6 13. c4 Be6 14. Qc2 f5 15. Rad1 Qf6 16. Qa4 Bd7 17. c5 d5 18. Qd4 Qxd4 19. Rxd4 Bxc5 20. Rdd1 g5 21. Be5 Rh7 22. a3 Kf7 23. b4 Be7 24. e3 Ke6 25. Bd4 a6 26. Rfe1 Bd6 27. Bg2 Bxh2+ 28. Kf1 Kf7 29. f3 Bg3 30. Re2 Rh2 31. Kg1 Rah8 32. Bxh8 Rxh8 33. e4 Be6 34. exd5 Bxd5 35. f4 Bxg2 36. Kxg2 Bxf4 37. Rd7+ Kf6 38. Rxb7 g4 39. Rb6 Rh2+ 40. Kf1 Rh1+ 41. Kg2 Rh2+ 42. Kf1 Rxe2 43. Kxe2 Kg5 44. Rxa6 Bc1 45. Rxc6 Bxa3 46. b5 f4 47. b6 f3+ 48. Kf2 Bb2 49. b7 Bd4+ 50. Kf1 g3 51. Rc2 Ba7 52. Rb2 Bb8 53. Rb5+ Kg4 54. Rb4+ Kh3 55. Rb5 g2+ 56. Ke1 g1=Q+ 57. Kd2 Qf2+ 58. Kc3 Qe1+ 59. Kc4 Qe2+ 60. Kd5 Qxb5+ 0-1

[Event "January 2 Late 2024"]
[Site "https://www.chess.com"]
[Date "2024.01.02"]
[Round "2"]
[White "Goryachkina, Aleksandra"]
[Black "Teimouri Yadkuri, Shahdad"]
[Result "1/2-1/2"]
[Board "136"]
[TimeControl "180+1"]
[WhiteFideId "4147103"]
[BlackFideId "42515467"]
[WhiteElo "2657"]
[BlackElo "2392"]
[WhiteTeam "FID"]
[BlackTeam "IRI"]
[WhiteClock "0:00:12"]
[BlackClock "0:00:18"]

1. e4 c5 2. Nf3 d6 3. d4 cxd4 4. Nxd4 Nf6 5. Nc3 a6 6. Be2 e5 7. Nf3 Be7 8. O-O O-O 9. Re1 b5 10. a4 b4 11. Nd5 Nxe4 12. Bc4 Nf6 13. Nxb4 Bb7 14. Nd5 Nc6 15. Be3 Nxd5 16. Bxd5 Kh8 17. Qd2 f5 18. Bg5 e4 19. Bxe7 Qxe7 20. Ng5 Rf6 21. Rad1 Ne5 22. f4 exf3 23. Nxf3 Re8 24. h3 h6 25. Kh1 g5 26. Bxb7 Qxb7 27. Qd4 Rfe6 28. c4 Kh7 29. Nxe5 dxe5 30. Qd7+ R8e7 31. Qxb7 Rxb7 32. Rd5 Rxb2 33. Rdxe5 Rxe5 34. Rxe5 Rc2 35. Rxf5 Rxc4 36. a5 Ra4 37. Rc5 Kg7 38. Kh2 Ra3 39. Kg1 Ra2 40. Kf1 Kf7 41. Kg1 Kg7 42. Kh2 Ra3 43. Rc7+ Kg8 44. Rc6 Rxa5 45. Rxh6 Kg7 46. Rb6 Ra3 47. Rc6 a5 48. Ra6 a4 49. Kg1 Ra2 50. Kh2 Ra3 51. Kg1 Ra2 52. Kh2 Ra3 1/2-1/2

[Event "January 2 Late 2024"]
[Site "https://www.chess.com"]
[Date "2024.01.02"]
[Round "2"]
[White "RCone"]
[Black "Vlassov, Nikolai"]
[Result "1/2-1/2"]
[Board "137"]
[TimeControl "180+1"]
[BlackFideId "4103360"]
[WhiteElo "2391"]
[BlackElo "2657"]
[BlackTeam "FID"]
[WhiteClock "0:01:04"]
[BlackClock "0:00:07"]

1. e4 Nc6 2. Bb5 Nf6 3. Nc3 Nd4 4. Bc4 e5 5. d3 Bc5 6. f4 exf4 7. Bxf4 c6 8. Nf3 d5 9. exd5 cxd5 10. Nxd4 dxc4 11. Qe2+ Kf8 12. Nf3 cxd3 13. Qxd3 Qxd3 14. cxd3 Bg4 15. O-O-O Bxf3 16. gxf3 h6 17. Ne4 Bd4 18. Kb1 g5 19. Bd2 Nd5 20. h4 gxh4 21. Rxh4 Bg7 22. Rdh1 Rd8 23. Bxh6 Bxh6 24. Rxh6 Rxh6 25. Rxh6 Kg7 26. Rd6 Rxd6 27. Nxd6 b6 28. Nc8 a6 29. Kc2 Kf6 30. Kb3 Ke5 31. Kc4 b5+ 32. Kc5 Ne3 33. Nd6 f5 34. b4 Kf4 35. d4 Kxf3 36. Nxf5 Nxf5 37. d5 Ke4 38. d6 Nxd6 39. Kxd6 Kd4 40. Kc6 Kc4 41. Kb6 Kxb4 42. Kxa6 Ka3 43. Kxb5 Kxa2 1/2-1/2

[Event "January 2 Late 2024"]
[Site "https://www.chess.com"]
[Date "2024.01.02"]
[Round "2"]
[White "Rostomyan, Mikayel"]
[Black "Akhayan"]
[Result "1-0"]
[Board "138"]
[TimeControl "180+1"]
[WhiteFideId "13313754"]
[WhiteElo "2656"]
[BlackElo "2384"]
[WhiteTeam "ARM"]
[WhiteClock "0:00:48"]
[BlackClock "0:00:44"]

1. d4 a6 2. e4 e6 3. Nf3 d5 4. Nc3 Nf6 5. Bd3 dxe4 6. Nxe4 Nxe4 7. Bxe4 c5 8. O-O Nc6 9. Be3 cxd4 10. Nxd4 Nxd4 11. Bxd4 Qh4 12. Qf3 Bd6 13. g3 Qg5 14. h4 Qe7 15. Bxg7 Rg8 16. Bf6 Qc7 17. Bxh7 Rf8 18. Bg7 Bd7 19. Bxf8 Bxf8 20. Be4 O-O-O 21. Qxf7 Bc5 22. Kg2 Rf8 23. Qg6 Qe5 24. Rad1 Rf6 25. Bxb7+ Kc7 26. Qd3 Bb5 27. c4 Ba4 28. b3 Qb2 29. bxa4 Rxf2+ 30. Rxf2 Qxf2+ 31. Kh3 Kxb7 32. Qd7+ Kb6 33. Qxe6+ Ka5 34. Qe1+ Qxe1 35. Rxe1 1-0

[Event "January 2 Late 2024"]
[Site "https://www.chess.com"]
[Date "2024.01.02"]
[Round "2"]
[White "Kanter, Eduard"]
[Black "Mirzoev, Azer"]
[Result "0-1"]
[Board "139"]
[TimeControl "180+1"]
[WhiteFideId "4103963"]
[BlackFideId "13400304"]
[WhiteElo "2383"]
[BlackElo "2646"]
[WhiteTeam "RUS"]
[BlackTeam "AZE"]
[WhiteClock "0:00:07"]
[BlackClock "0:01:06"]

1. e4 c5 2. Nf3 e6 3. d3 b5 4. g3 Bb7 5. Bg2 d6 6. O-O Nf6 7. a4 b4 8. Nbd2 Nbd7 9. Nc4 Be7 10. Bf4 e5 11. Bg5 O-O 12. Nfd2 h6 13. Bxf6 Nxf6 14. Ne3 Re8 15. f4 Bf8 16. Ndc4 exf4 17. Rxf4 d5 18. Nxd5 Nxd5 19. exd5 Bxd5 20. Bxd5 Qxd5 21. Qf3 Qxf3 22. Rxf3 Rad8 23. b3 g6 24. Kf1 Bg7 25. Re1 Rxe1+ 26. Kxe1 Bd4 27. Kd1 Kg7 28. g4 Rd5 29. h4 Bf6 30. Ne3 Rd4 31. h5 Bg5 32. hxg6 fxg6 33. Nf1 Rxg4 34. Ng3 Rf4 35. Rxf4 Bxf4 36. Ne4 Be3 37. a5 a6 38. Nd6 h5 39. Ne8+ Kf7 40. Nc7 Bf4 41. Nxa6 Bd6 42. c3 bxc3 43. d4 cxd4 44. Kc2 h4 45. b4 h3 46. b5 h2 47. b6 h1=Q 0-1

[Event "January 2 Late 2024"]
[Site "https://www.chess.com"]
[Date "2024.01.02"]
[Round "2"]
[White "Kubatko, Ivan"]
[Black "Janaszak, Dawid"]
[Result "0-1"]
[Board "140"]
[TimeControl "180+1"]
[WhiteFideId "24111473"]
[BlackFideId "1119206"]
[WhiteElo "2381"]
[BlackElo "2634"]
[WhiteTeam "RUS"]
[BlackTeam "POL"]
[WhiteClock "0:00:01"]
[BlackClock "0:00:22"]

1. e4 c5 2. c3 e5 3. Nf3 Nc6 4. Bc4 Nf6 5. d3 Be7 6. a3 O-O 7. O-O d6 8. b4 Bg4 9. Nbd2 Kh8 10. Re1 Nd7 11. h3 Bh5 12. Nf1 Nb6 13. Ba2 Rc8 14. g4 Bg6 15. Ng3 a5 16. b5 Nb8 17. a4 c4 18. Bxc4 Nxc4 19. dxc4 Rxc4 20. Qd3 Qc7 21. Bb2 Nd7 22. Nd2 d5 23. Nxc4 dxc4 24. Qe2 Bc5 25. Kg2 Rc8 26. Red1 Nb6 27. f3 f6 28. Bc1 Bf7 29. Be3 Bf8 30. Qf2 Nd7 31. Rd2 Nc5 32. Bxc5 Bxc5 33. Qe2 Be6 34. Rad1 h6 35. Nf5 Rg8 36. Ne3 Ba7 37. Nd5 Qc5 38. h4 Kh7 39. h5 Rc8 40. b6 Bb8 41. Rb2 Bd6 42. Rb5 Qa3 43. Rxa5 Qb3 44. Ra7 Rb8 45. a5 Qa3 46. a6 bxa6 47. Nxf6+ Kh8 48. Nd5 Bc5 49. Nc7 Bg8 50. Rxa6 Qb3 51. Nd5 Qb5 52. Raa1 Qc6 53. Rab1 Rb7 54. Qxc4 Qd6 55. Qe2 Qe6 56. Ne3 Qf7 57. Nf5 Qf8 58. Rd5 Ba3 59. Rbd1 Bxd5 60. Rxd5 Rxb6 61. Rd2 Qc5 62. Qd3 Kh7 63. Qd7 Qf8 64. Qd8 Rb2 65. Kf1 Rb1+ 66. Ke2 Qf7 67. Qd7 Qf6 68. Qd6 Bxd6 69. Rxd6 Qg5 70. Rg6 Rb2+ 71. Kf1 Qc1# 0-1

[Event "January 2 Late 2024"]
[Site "https://www.chess.com"]
[Date "2024.01.02"]
[Round "2"]
[White "Rios Escobar, Adan"]
[Black "Manukyan, Sargis A."]
[Result "0-1"]
[Board "141"]
[TimeControl "180+1"]
[WhiteFideId "3403645"]
[BlackFideId "13303970"]
[WhiteElo "2378"]
[BlackElo "2630"]
[WhiteTeam "CHI"]
[BlackTeam "ARM"]
[WhiteClock "0:00:06"]
[BlackClock "0:01:48"]

1. d4 d5 2. g3 Nf6 3. Nf3 e6 4. Bg2 Be7 5. O-O O-O 6. c4 dxc4 7. Qc2 a6 8. a4 c5 9. dxc5 Bxc5 10. Qxc4 Nbd7 11. a5 b5 12. axb6 Qxb6 13. Nc3 Bb7 14. Na4 Qb4 15. Nd2 Bxg2 16. Kxg2 Qxc4 17. Nxc4 Rfd8 18. Bg5 Bb4 19. Rfd1 a5 20. Nab6 Nxb6 21. Nxb6 Rxd1 22. Rxd1 Rb8 23. Bxf6 gxf6 24. Nd7 Rb5 25. Nxf6+ Kg7 26. Ne4 Bf8 27. Rd2 h6 28. h4 f5 29. Nc3 Rb7 30. h5 Be7 31. f4 Bf6 32. Kf3 Kf7 33. e4 Rb3 34. e5 Be7 35. Ke2 Bb4 36. Kd3 Be7 37. Kc2 Rb7 38. Rd3 Bb4 39. Rd8 Rc7 40. Rh8 Kg7 41. Ra8 Rd7 42. Ra6 Kf7 43. Kb3 Rd3 44. Ra7+ Kf8 45. Rh7 Rxg3 46. Rxh6 Kf7 47. Rf6+ Ke7 48. h6 Rh3 49. Rg6 Rh4 50. Ka4 Rxf4 51. Kb5 Rh4 52. Kc6 Bxc3 53. bxc3 a4 54. Kb5 a3 55. Rg7+ Kf8 56. Ra7 Rxh6 57. Rxa3 Rh3 58. Ra8+ Kf7 59. c4 Re3 60. c5 Rxe5 61. Kb6 Re1 62. c6 Rb1+ 63. Kc7 f4 64. Rb8 Rc1 65. Rb3 e5 66. Kb7 Ke6 67. c7 e4 68. Rb4 Kf5 69. Rb5+ Kg4 70. Kb6 Rxc7 71. Kxc7 e3 72. Re5 Kf3 73. Kd6 Kf2 74. Ke6 f3 75. Kf5 e2 76. Kg4 Kg2 77. Rf5 e1=Q 78. Rxf3 Qd1 79. Kh4 Qxf3 80. Kg5 Kg3 81. Kh6 Qg4 82. Kh7 Kf4 83. Kh6 Kf5 84. Kh7 Kf6 85. Kh8 Qg7# 0-1

[Event "January 2 Late 2024"]
[Site "https://www.chess.com"]
[Date "2024.01.02"]
[Round "2"]
[White "Titus, Andrew"]
[Black "Novak, Ratko"]
[Result "1-0"]
[Board "142"]
[TimeControl "180+1"]
[WhiteFideId "2059770"]
[BlackFideId "14511827"]
[WhiteElo "2607"]
[BlackElo "2378"]
[WhiteTeam "USA"]
[BlackTeam "CRO"]
[WhiteClock "0:01:06"]
[BlackClock "0:00:00"]

1. e4 d5 2. exd5 c6 3. d4 cxd5 4. Nf3 Nc6 5. h3 f6 6. Bf4 e6 7. Nbd2 Bd6 8. Bxd6 Qxd6 9. Bb5 Ne7 10. Qe2 O-O 11. c4 Ng6 12. g3 a6 13. Bxc6 Qxc6 14. cxd5 Qxd5 15. h4 b5 16. h5 Ne7 17. Rc1 Nf5 18. O-O Nxd4 19. Nxd4 Qxd4 20. Rc7 e5 21. h6 g6 22. Qf3 Rb8 23. Ne4 Bf5 24. Nc5 Rfc8 25. Rxc8+ Bxc8 26. Qxf6 Rb7 27. Nxb7 Qd7 28. Nd6 Bb7 29. Nxb7 Qxb7 30. Rd1 1-0

[Event "January 2 Late 2024"]
[Site "https://www.chess.com"]
[Date "2024.01.02"]
[Round "2"]
[White "Bristy Mukherjee"]
[Black "Gontcharov, Vladislav"]
[Result "1-0"]
[Board "143"]
[TimeControl "180+1"]
[WhiteFideId "25077325"]
[BlackFideId "4123492"]
[WhiteElo "2377"]
[BlackElo "2607"]
[WhiteTeam "IND"]
[BlackTeam "RUS"]
[WhiteClock "0:00:18"]
[BlackClock "0:00:00"]

1. d4 Nf6 2. Bg5 e6 3. e3 c5 4. Nd2 Be7 5. c3 d6 6. Bd3 h6 7. Bh4 Nbd7 8. Ngf3 b6 9. O-O Bb7 10. a4 a6 11. Bg3 Nh5 12. Qb3 Nxg3 13. fxg3 O-O 14. Nh4 d5 15. Bb1 Bxh4 16. gxh4 Qxh4 17. Nf3 Qe7 18. Ba2 Rab8 19. Rae1 Bc6 20. Bb1 b5 21. a5 b4 22. Qc2 f5 23. dxc5 Qxc5 24. Nd4 Qd6 25. c4 dxc4 26. Nxc6 Qxc6 27. e4 b3 28. Qc3 f4 29. e5 Rb5 30. Re4 Rc5 31. Rexf4 Rxf4 32. Rxf4 Nxe5 33. Be4 Qd6 34. Qb4 Qd4+ 35. Rf2 Rc8 36. Qb7 Rf8 37. Bf3 Nxf3+ 38. gxf3 e5 39. Qxa6 c3 40. Qe6+ Kh8 41. Qxb3 cxb2 42. Qxb2 Qd1+ 43. Kg2 Qd5 44. Qd2 Qf7 45. Qe3 Qg6+ 46. Kf1 Qf5 47. a6 Rb8 48. Re2 Rb1+ 49. Kf2 Rb4 50. Qxe5 Qh3 51. a7 Qh4+ 52. Qg3 1-0

[Event "January 2 Late 2024"]
[Site "https://www.chess.com"]
[Date "2024.01.02"]
[Round "2"]
[White "Coca Cubillos, Jesus Alberto"]
[Black "Paragua, Megan Althea"]
[Result "1-0"]
[Board "144"]
[TimeControl "180+1"]
[WhiteFideId "4462912"]
[BlackFideId "30973007"]
[WhiteElo "2598"]
[BlackElo "2376"]
[WhiteTeam "COL"]
[BlackTeam "USA"]
[WhiteClock "0:01:04"]
[BlackClock "0:00:08"]

1. f4 Nf6 2. Nf3 e6 3. e3 d5 4. d4 Be7 5. c3 O-O 6. Bd3 b6 7. O-O Bb7 8. Nbd2 Ne4 9. Qc2 f5 10. Ne5 Nd7 11. g4 Nxe5 12. fxe5 Bg5 13. Nxe4 fxe4 14. Be2 Rxf1+ 15. Bxf1 Qe7 16. Qg2 Rf8 17. Be2 c5 18. Bd2 Bh4 19. Rf1 cxd4 20. cxd4 Bg5 21. a3 Rc8 22. Bd1 a5 23. Qe2 Ra8 24. Ba4 Rc8 25. b4 Ra8 26. Kg2 Ba6 27. Bb5 Bb7 28. h3 Rf8 29. bxa5 bxa5 30. Rxf8+ Qxf8 31. a4 Bd8 32. Qf2 Qxf2+ 33. Kxf2 Kf8 34. Kg3 Ke7 35. h4 Kf7 36. g5 g6 37. Kf4 Bb6 38. Bc3 Bc7 39. Bb2 Bb6 40. Ba3 Bd8 41. Bc5 Bc7 42. Bd6 Bb6 43. Kg4 Bd8 44. h5 Kg7 45. Bc5 Bc7 46. Be7 Bb6 47. Be8 gxh5+ 48. Kxh5 Ba6 49. Bf6+ Kg8 50. g6 Be2+ 51. Kh6 hxg6 52. Kxg6 Kf8 53. Bf7 Bh5+ 54. Kxh5 Kxf7 55. Kg5 Bc7 56. Kh6 Bb6 57. Bg5 Bc7 58. Kh7 Bb6 59. Kh6 Bc7 60. Bf4 Bb6 61. Kh5 Bd8 62. Kg4 Bb6 63. Bg5 Bc7 64. Kf4 Bb6 65. Kg3 Bc7 66. Kf2 Kg6 67. Bf4 Kf7 68. Kg3 Kg6 69. Kg4 Bb6 70. Bg5 Bc7 71. Be7 Kf7 72. Bc5 Bd8 73. Bd6 Bb6 74. Kh5 Bxd4 75. exd4 e3 76. Bc7 e2 77. Bxa5 Ke7 78. Kg6 Kd7 79. Kf7 Kc6 80. Kxe6 1-0

[Event "January 2 Late 2024"]
[Site "https://www.chess.com"]
[Date "2024.01.02"]
[Round "2"]
[White "Dilanyan, Grigor"]
[Black "ArchibaldCerveza29"]
[Result "0-1"]
[Board "145"]
[TimeControl "180+1"]
[WhiteFideId "13303570"]
[WhiteElo "2592"]
[BlackElo "2375"]
[WhiteTeam "ARM"]
[WhiteClock "0:00:00"]
[BlackClock "0:00:25"]

1. Nf3 b6 2. g3 Bb7 3. Bg2 g6 4. O-O Bg7 5. d3 e6 6. e4 Ne7 7. Nc3 d6 8. Bg5 Nd7 9. Qd2 h6 10. Be3 a6 11. h4 Qc8 12. d4 b5 13. a3 Nb6 14. Rae1 Nc4 15. Qc1 Nxe3 16. Qxe3 c5 17. d5 O-O 18. dxe6 Qxe6 19. e5 dxe5 20. Nxe5 Bxg2 21. Kxg2 Nf5 22. Qe4 Rae8 23. f4 Nd4 24. Nd5 Qd6 25. c3 Nf5 26. g4 Nxh4+ 27. Kh3 f5 28. Qd3 g5 29. Nd7 fxg4+ 30. Kh2 Rxe1 31. Rxe1 Nf3+ 32. Kh1 Nxe1 33. N5f6+ Rxf6 34. Nxf6+ Qxf6 35. Qd5+ Kh7 36. Qe4+ Qg6 37. Qxe1 gxf4 0-1